 Dungeon Crawl Stone Soup version 0.29-a0-283-ga02f740833 (webtiles) character file.

Game seed: 11087620727604380005

11 Dabor the Skirmisher (level 2, 0/24 HPs)
             Began as a Formicid Abyssal Knight on Mar 13, 2022.
             Was a Follower of Lugonu.
             Succumbed to a kobold's poison
             ... on level 1 of the Dungeon.
             The game lasted 00:00:55 (141 turns).

Dabor the Skirmisher (Formicid Abyssal Knight)       Turns: 141, Time: 00:00:56

Health: 0/24       AC:  4    Str: 17    XL:     2   Next: 40%
Magic:  3/3        EV: 11    Int:  9    God:    Lugonu [*.....]
Gold:   13         SH:  0    Dex: 11    Spells: 1/1 levels left

rFire   . . .      SeeInvis +   a - +1 spear
rCold   . . .      Faith    .   (no shield)
rNeg    . . .      Spirit   .   b - +0 leather armour
rPois   .          Reflect  .   (helmet unavailable)
rElec   .          Harm     .   (no cloak)
rCorr   .          Rampage  .   d - +0 pair of gloves
Will    .....                   (no boots)
Stlth   +.........              (no amulet)
HPRegen 0.08/turn               (no ring)
MPRegen 0.08/turn               (no ring)

@: lethally poisoned (0 -> -20)
A: permanent stasis, dig shafts and tunnels, antennae 3, four strong arms
a: Dig, Shaft Self, Renounce Religion, Depart the Abyss


You were on level 1 of the Dungeon.
You worshipped Lugonu.
Lugonu was aware of your devotion.
You visited 1 branch of the dungeon, and saw 1 of its levels.
You visited the Abyss 1 time.

You collected 13 gold pieces.

Inventory:

Hand Weapons
 a - a +1 spear (weapon)
Missiles
 c - 6 boomerangs
Armour
 b - a +0 leather armour (worn)
 d - a +0 pair of gloves (worn)


   Skills:
 + Level 3.4 Fighting
 + Level 2.1 Polearms
 + Level 0.1 Throwing
 + Level 2.4 Armour
 + Level 1.1 Dodging
 + Level 2.4 Invocations


You had one spell level left.
You didn't know any spells.
Your spell library contained the following spells:

 Spells                   Type           Power      Damage    Failure   Level
 Call Canine Familiar     Summ           0%         N/A       82%         3
 Portal Projectile        Hex/Tloc       0%         N/A       82%         3
 Leda's Liquefaction      Hex/Erth       0%         N/A       99%         4


Dungeon Overview and Level Annotations

Branches:
Dungeon (1/15)

Altars:


Innate Abilities, Weirdness & Mutations

You cannot be hasted, slowed, berserked, paralysed or teleported.
You can dig through walls and to a lower floor.
You have a pair of large antennae on your head. (SInv)
Your four strong arms can wield two-handed weapons with a shield.


Message History

Reach: a) +1 spear
Press: ? - help, Dir - move target, f - kobold
Aim: a kobold, wielding a +0 short sword and quivering stones (about 45% to evade your +1 spear)
You hit the kobold.
You kill the kobold!
Lugonu accepts your kill.
Reach: a) +1 spear
Press: ? - help, Dir - move target, f - endoplasm
Aim: an endoplasm (almost dead, about 14% to evade your +1 spear)
You hit the endoplasm.
You kill the endoplasm!
Lugonu accepts your kill. The bat barely misses you.
The bat hits you but does no damage.
Reach: a) +1 spear
Press: ? - help, Dir - move target, f - bat
Aim: a bat (about 52% to evade your +1 spear)
You barely miss the bat. The bat hits you but does no damage.
The bat misses you.
Reach: a) +1 spear
Press: ? - help, Dir - move target, f/p - bat
Aim: a bat (about 52% to evade your +1 spear)
You hit the bat.
You kill the bat!
Lugonu accepts your kill.
Reach: a) +1 spear
Press: ? - help, Dir - move target, f - kobold
Aim: a kobold, wielding a +2 dagger of venom (about 45% to evade your +1 spear)
Okay, then.
You closely miss the kobold.
The kobold hits you with a +2 dagger of venom.
You are lethally poisoned!
You hit the kobold.
The kobold is severely wounded.
* * * LOW HITPOINT WARNING * * *
You feel very sick. The kobold hits you but does no damage.
You are more poisoned.
You miss the kobold.
The kobold is severely wounded.
You die...

#...#......#
...(........#
######.##........##
.
#....#.##.#.......##
..
#.##.#.##.#........#
...
#.#..#.##..[###'#..#
.... #.#<.#.##..##
#)#..# .....
#.####.##†.#
#.####......
#..........#
#@#.).......
#######....#
#K#.#.#....# ##...#
#...K.# ..# #####
####!## # ... ####


You could see a kobold.

Vanquished Creatures
  A dart slug (D:1)
  A ball python (D:1)
  A bat (D:1)
  An endoplasm (D:1)
  3 kobolds (D:1)
  A rat (D:1)
8 creatures vanquished.

Notes
Turn   | Place    | Note
-------+----------+-------------------------------------------
     0 | Abyss:1  | Dabor the Formicid Abyssal Knight began the quest for the
                  | Orb.
     0 | Abyss:1  | Reached XP level 1. HP: 18/18 MP: 2/2
    16 | Abyss:2  | Noticed a large abomination
    28 | Abyss:3  | Noticed a wretched star
    28 | Abyss:3  | Noticed a tentacled starspawn
    28 | Abyss:3  | Noticed a smoke demon
    28 | Abyss:3  | Noticed a large abomination
    29 | D:1      | Escaped the Abyss
    65 | D:1      | Reached skill level 1 in Dodging
   100 | D:1      | Reached XP level 2. HP: 23/24 MP: 3/3
   141 | D:1      | Succumbed to a kobold's poison

Illustrated notes

Levels and vault maps discovered:
D:1:      zelgadis_glass_arrival_small, layout_basic

Skill      XL: |  1 |
---------------+----+-----
Dodging        | 1 |  1.1
Fighting       | |  3.4
Polearms       | |  2.1
Throwing       | |  0.1
Armour         | |  2.4
Invocations    | |  2.4

Action                   || total
-------------------------++-------
Melee: Spear             ||    25
Invok: Depart the Abyss  ||     1
Armor: Leather armour    ||     7
Dodge: Dodged            ||    11

Table legend: (Time is in decaauts)
 A = Elapsed time spent in this place.
 B = Non-inter-level travel time spent in this place.
 C = Inter-level travel time spent in this place.
 D = Time resting spent in this place.
 E = Time spent auto-exploring this place.
 F = Levels seen in this place.
 G = Mean time per level.
                   A        B        C        D        E       F      G
               +--------+--------+--------+--------+--------+-----+--------+
         Total |    140 |    140 |      0 |      0 |     58 |   4 |   35.0 |
       Dungeon |    111 |    111 |      0 |      0 |     54 |   1 |  111.0 |
         Abyss |     28 |     28 |      0 |      0 |      4 |   3 |    9.3 |
               +--------+--------+--------+--------+--------+-----+--------+

Top non-repeatable levels by time:
     D:1: 111 daAuts
 Abyss:1: 14 daAuts
 Abyss:2: 13 daAuts
 Abyss:3: 0 daAuts
